[Event "Titled Tuesday Blitz October 5 2021"]
[White "Babazada, Khazar"]
[Black "Khusnutdinov, Rustam"]
[WhiteFideId "13413554"]
[BlackFideId "13701703"]
[WhiteElo "2302"]
[BlackElo "2571"]
[Result "1/2-1/2"]
[Round "08"]
[TimeControl "180+1"]
[Date "2021.10.05"]
[WhiteClock "0:01:41"]
[BlackClock "0:01:04"]

1. e4 e5 2. Nf3 Nf6 3. Nc3 Nc6 4. Be2 d5 5. exd5 Nxd5 6. O-O Nxc3 7. dxc3 Qxd1 8. Rxd1 f6 9. Be3 Bd7 10. Nd2 O-O-O 11. Ne4 Bf5 12. Rxd8+ Nxd8 13. Bd3 Bg6 14. f3 a6 15. a4 Nf7 16. Rd1 Nd6 17. Nxd6+ Bxd6 18. Kf2 a5 19. c4 Rd8 20. Bxg6 hxg6 21. c5 Bf8 22. Rxd8+ Kxd8 23. Ke2 Kd7 24. Kd3 Kc6 25. Kc4 f5 26. c3 Be7 27. b4 Bf6 28. g3 Kd7 29. h4 c6 30. Bg5 Bxg5 31. hxg5 Kc7 32. Kd3 1/2-1/2


[Site "https://www.chess.com"]

[Event "Titled Tuesday Blitz October 5 2021"]
[White "Baskin, Robert"]
[Black "Reprintsev, Alexander"]
[WhiteFideId "24662402"]
[BlackFideId "14100541"]
[WhiteElo "2521"]
[BlackElo "2126"]
[Result "1-0"]
[Round "08"]
[TimeControl "180+1"]
[Date "2021.10.05"]
[WhiteClock "0:00:38"]
[BlackClock "0:00:52"]

1. e4 d5 2. exd5 Qxd5 3. Nc3 Qa5 4. d4 Nf6 5. Bd2 Bg4 6. f3 Bd7 7. f4 Nc6 8. Nf3 O-O-O 9. Nb5 Qb6 10. a4 a5 11. c4 Nb4 12. Bxb4 axb4 13. Be2 Qa5 14. Ne5 Be8 15. O-O c6 16. c5 Nd5 17. Nc4 Qa8 18. Bf3 e6 19. Bxd5 Qa6 20. Nb6+ Kb8 21. Bc4 Qa5 22. f5 e5 23. Qe2 b3 24. Qxe5+ 1-0


[Site "https://www.chess.com"]

[Event "Titled Tuesday Blitz October 5 2021"]
[White "Berezin, Viktor"]
[Black "Begmuratov, Khumoyun"]
[WhiteFideId "14107872"]
[BlackFideId "14210207"]
[WhiteElo "2310"]
[BlackElo "1948"]
[Result "1-0"]
[Round "08"]
[TimeControl "180+1"]
[Date "2021.10.05"]
[WhiteClock "0:00:40"]
[BlackClock "0:00:05"]

1. d4 Nf6 2. Nf3 g6 3. g3 Bg7 4. Bg2 O-O 5. O-O d6 6. a4 a5 7. Nc3 c6 8. e4 Nbd7 9. h3 Qc7 10. Re1 e5 11. Be3 Re8 12. Qd2 b6 13. Rad1 exd4 14. Bxd4 Ne5 15. Nxe5 dxe5 16. Be3 Be6 17. Qd6 Qb7 18. f4 exf4 19. gxf4 Bf8 20. Qd2 Bb4 21. Qf2 Rad8 22. Bxb6 Rxd1 23. Rxd1 Qe7 24. Bd4 c5 25. Be5 Nh5 26. Bd6 Qf6 27. e5 Qf5 28. Ne4 Rd8 29. Rf1 Bd5 30. Ng3 Nxg3 31. Qxg3 Bxg2 32. Qxg2 c4 33. Rd1 Qxf4 34. Qf2 Qg5+ 35. Kh1 Qh5 36. Rd4 Qxh3+ 37. Kg1 Qe6 38. Bxb4 Rxd4 39. Qxd4 axb4 40. a5 Qa6 41. Qd8+ Kg7 42. Qf6+ Qxf6 43. exf6+ Kxf6 44. a6 b3 45. cxb3 cxb3 46. a7 1-0


[Site "https://www.chess.com"]

[Event "Titled Tuesday Blitz October 5 2021"]
[White "Beulen, Marcel"]
[Black "Aloma Vidal, Robert"]
[WhiteFideId "1001450"]
[BlackFideId "2260409"]
[WhiteElo "2394"]
[BlackElo "2435"]
[Result "0-1"]
[Round "08"]
[TimeControl "180+1"]
[Date "2021.10.05"]
[WhiteClock "0:00:06"]
[BlackClock "0:00:19"]

1. e4 e5 2. Nf3 Nf6 3. Nxe5 d6 4. Nf3 Nxe4 5. Bd3 d5 6. Qe2 Qe7 7. Nc3 Nxc3 8. Qxe7+ Bxe7 9. bxc3 c5 10. O-O Nc6 11. Re1 O-O 12. c4 Bf6 13. c3 Be6 14. Rb1 dxc4 15. Be4 Rab8 16. Ba3 Rfc8 17. Bxc5 b5 18. Be3 h6 19. h3 a5 20. Bxc6 Rxc6 21. Nd4 Bxd4 22. Bxd4 b4 23. Re5 Ra6 24. f4 b3 25. a3 a4 26. Kf2 g6 27. Rb2 h5 28. d3 cxd3 29. Ke3 Bf5 30. Rc5 Re6+ 31. Re5 Rbe8 32. g4 hxg4 33. hxg4 Bxg4 34. Kxd3 Bf5+ 35. Kc4 Bc2 36. Kb5 Rxe5+ 37. Bxe5 g5 38. Kxa4 gxf4 39. Bxf4 Re4+ 40. Kb5 Rxf4 41. a4 Kf8 42. a5 Rf5+ 43. Kb6 Rf6+ 44. Kb7 Ke7 45. a6 Kd7 46. a7 Be4+ 47. Kb8 Rb6# 0-1


[Site "https://www.chess.com"]

[Event "Titled Tuesday Blitz October 5 2021"]
[White "Brunner, Nicolas"]
[Black "Gasanov, Zaur"]
[WhiteFideId "620246"]
[BlackFideId "34125970"]
[WhiteElo "2372"]
[BlackElo "2099"]
[Result "0-1"]
[Round "08"]
[TimeControl "180+1"]
[Date "2021.10.05"]
[WhiteClock "0:01:27"]
[BlackClock "0:01:18"]

1. d4 Nf6 2. c4 g6 3. Nf3 Bg7 4. Nc3 d5 5. Bg5 dxc4 6. e4 c5 7. d5 b5 8. e5 b4 9. exf6 exf6 10. Qe2+ Kf8 11. Be3 bxc3 12. Bxc5+ Kg8 13. bxc3 h6 14. O-O-O Ba6 15. Qe7 Qa5 16. Bb4 Qxa2 17. Qe8+ Kh7 18. Qxf7 Bb5 19. Nh4 Be8 20. Qe6 Ba4 21. Qe2 Qa1+ 22. Kd2 Qb2+ 23. Ke1 Re8 24. Be7 Qxc3+ 25. Rd2 Qc1+ 26. Rd1 Bxd1 27. Qxd1 Rxe7+ 28. Be2 Qxd1+ 0-1


[Site "https://www.chess.com"]

[Event "Titled Tuesday Blitz October 5 2021"]
[White "Bykov, Egor"]
[Black "Vokhidov, Shamsiddin"]
[WhiteFideId "34115290"]
[BlackFideId "14204223"]
[WhiteElo "2221"]
[BlackElo "2616"]
[Result "0-1"]
[Round "08"]
[TimeControl "180+1"]
[Date "2021.10.05"]
[WhiteClock "0:00:36"]
[BlackClock "0:01:58"]

1. d4 Nf6 2. c4 e6 3. Nc3 Bb4 4. e3 O-O 5. Bd3 d5 6. Ne2 b6 7. O-O Bb7 8. a3 Bd6 9. b4 dxc4 10. Bxc4 Nbd7 11. Ng3 Re8 12. Qe2 e5 13. d5 e4 14. Bb2 a6 15. Nf5 Ne5 16. Rfd1 Nxc4 17. Qxc4 Ng4 18. h3 Nxf2 19. Kxf2 Qf6 20. g4 g6 21. Qe2 gxf5 22. Nxe4 Qh4+ 23. Kg1 Rxe4 24. Rf1 Qg3+ 25. Qg2 Qxg2+ 26. Kxg2 Rxe3 27. Rxf5 Re2+ 28. Rf2 Bxd5+ 0-1


[Site "https://www.chess.com"]

[Event "Titled Tuesday Blitz October 5 2021"]
[White "Chernomordik, Pavel"]
[Black "Tasev, Dejan"]
[WhiteFideId "2804530"]
[BlackFideId "936618"]
[WhiteElo "2281"]
[BlackElo "2253"]
[Result "0-1"]
[Round "08"]
[TimeControl "180+1"]
[Date "2021.10.05"]
[WhiteClock "0:00:29"]
[BlackClock "0:01:07"]

1. e4 c6 2. Nc3 d5 3. Qf3 dxe4 4. Nxe4 Nf6 5. Nxf6+ exf6 6. Bc4 Bd6 7. Ne2 O-O 8. d4 Re8 9. Bd2 Nd7 10. O-O-O Qc7 11. Ng3 Nb6 12. Bd3 a5 13. Nf5 Bf8 14. Bf4 Qd8 15. Qg3 Bxf5 16. Bxf5 Qd5 17. Qh3 g6 18. Bd3 Qxa2 19. c3 a4 20. Bb1 Qa1 21. Rd2 a3 22. b4 a2 23. Rb2 Nc4 24. Rb3 Ra3 0-1


[Site "https://www.chess.com"]

[Event "Titled Tuesday Blitz October 5 2021"]
[White "Cunha, Lucas Aguiar"]
[Black "Przybylski, Wojciech"]
[WhiteFideId "2125404"]
[BlackFideId "1117599"]
[WhiteElo "2361"]
[BlackElo "2247"]
[Result "1-0"]
[Round "08"]
[TimeControl "180+1"]
[Date "2021.10.05"]
[WhiteClock "0:02:59"]
[BlackClock "0:00:21"]

1. e4 c5 2. Nf3 e6 3. d4 cxd4 4. Nxd4 Nc6 5. Nc3 Qc7 6. Ndb5 Qb8 7. Be3 a6 8. Bb6 axb5 9. Nxb5 Bb4+ 10. c3 Ba5 11. Nd6+ Kf8 12. Bc5 Nge7 13. Qh5 Nd8 14. Qh4 f6 15. Qh5 g6 16. Qh6+ Kg8 17. Ne8 Kf7 18. Qg7+ Kxe8 19. Qxe7# 1-0


[Site "https://www.chess.com"]

[Event "Titled Tuesday Blitz October 5 2021"]
[White "Demchenko, Anton"]
[Black "Ibrahimli, Murad"]
[WhiteFideId "4160258"]
[BlackFideId "13410229"]
[WhiteElo "2583"]
[BlackElo "2109"]
[Result "1-0"]
[Round "08"]
[TimeControl "180+1"]
[Date "2021.10.05"]
[WhiteClock "0:01:15"]
[BlackClock "0:00:06"]

1. e4 c5 2. Nf3 d6 3. d4 cxd4 4. Qxd4 Nf6 5. Nc3 a6 6. h3 Nc6 7. Qe3 g6 8. Bc4 Bg7 9. O-O O-O 10. a4 Bd7 11. Rd1 Rc8 12. Qe2 Qc7 13. Ba2 Nb4 14. Bb3 e5 15. Bg5 Be6 16. a5 Nh5 17. Qd2 Nf4 18. Qxd6 Qxd6 19. Rxd6 Bxb3 20. cxb3 Nc2 21. Rad1 Ne6 22. Nd5 Rc5 23. Bd2 Ncd4 24. Nxd4 Nxd4 25. Rd7 Rb5 26. b4 f5 27. Nc7 Rf7 28. Rxf7 Kxf7 29. Nxb5 axb5 30. f3 fxe4 31. fxe4 Bf8 32. Bc3 Nc6 33. Rd7+ 1-0


[Site "https://www.chess.com"]

[Event "Titled Tuesday Blitz October 5 2021"]
[White "Djordjevic, Vuk"]
[Black "Sjugirov, Sanan"]
[WhiteFideId "902098"]
[BlackFideId "4189302"]
[WhiteElo "2463"]
[BlackElo "2654"]
[Result "1-0"]
[Round "08"]
[TimeControl "180+1"]
[Date "2021.10.05"]
[WhiteClock "0:00:07"]
[BlackClock "0:00:01"]

1. d4 Nf6 2. Bg5 d5 3. Bxf6 exf6 4. e3 c6 5. c4 dxc4 6. Bxc4 Bd6 7. Nc3 f5 8. Nf3 O-O 9. O-O Nd7 10. Qc2 Nf6 11. Rfd1 Qe7 12. Rab1 Re8 13. a3 Ne4 14. g3 Bd7 15. Ne5 Bxe5 16. dxe5 Nxc3 17. Qxc3 Be6 18. f4 Bxc4 19. Qxc4 Rad8 20. Kf2 g6 21. Ke2 c5 22. a4 b6 23. b3 Qb7 24. Kf2 Qc6 25. Qc2 a6 26. Rbc1 b5 27. axb5 axb5 28. Rd2 Rxd2+ 29. Qxd2 Ra8 30. Rd1 c4 31. bxc4 Qxc4 32. Qe2 Qc5 33. Rd4 b4 34. Qb2 Rb8 35. e6 fxe6 36. Rd7 Qf8 37. Qe5 Re8 38. Rb7 h5 39. Qc7 Qh6 40. Qf7+ 1-0


[Site "https://www.chess.com"]

[Event "Titled Tuesday Blitz October 5 2021"]
[White "Droin, Augustin"]
[Black "Hjartarson, Johann"]
[WhiteFideId "45105987"]
[BlackFideId "2300044"]
[WhiteElo "2464"]
[BlackElo "2502"]
[Result "0-1"]
[Round "08"]
[TimeControl "180+1"]
[Date "2021.10.05"]
[WhiteClock "0:00:14"]
[BlackClock "0:00:42"]

1. e4 g6 2. d4 Bg7 3. Nf3 d6 4. Bc4 Nf6 5. Qe2 O-O 6. O-O Bg4 7. e5 dxe5 8. dxe5 Nd5 9. Rd1 c6 10. Bb3 Nd7 11. c4 Nc7 12. Bf4 Ne6 13. Bg3 Qc7 14. Nbd2 Rad8 15. Qe3 Qb6 16. Qxb6 axb6 17. h3 Bf5 18. Nh4 Bd3 19. Re1 Ndc5 20. Bd1 g5 21. Nhf3 h6 22. Rc1 Bf5 23. Bc2 Nd3 24. Bxd3 Rxd3 25. Nf1 Bxh3 26. gxh3 Rxf3 27. Ne3 Nf4 28. Rcd1 Bxe5 29. Ng4 Bg7 30. Nh2 Rd3 31. Bxf4 Rxd1 32. Rxd1 gxf4 33. b3 b5 34. cxb5 cxb5 35. Rd5 Ra8 36. Rxb5 Rxa2 37. Nf3 e5 38. Nh4 e4 39. Nf5 e3 40. fxe3 fxe3 41. Rxb7 Ra1+ 0-1


[Site "https://www.chess.com"]

[Event "Titled Tuesday Blitz October 5 2021"]
[White "Dudzinski, Pawel"]
[Black "Shuvalov, Evgenij"]
[WhiteFideId "1117890"]
[BlackFideId "4187237"]
[WhiteElo "2193"]
[BlackElo "2129"]
[Result "1-0"]
[Round "08"]
[TimeControl "180+1"]
[Date "2021.10.05"]
[WhiteClock "0:00:03"]
[BlackClock "0:00:10"]

1. e4 e6 2. d4 d5 3. Nd2 Nf6 4. Bd3 c5 5. exd5 Qxd5 6. Ngf3 cxd4 7. O-O Nc6 8. Bc4 Qd6 9. Nb3 e5 10. Re1 Be7 11. Bb5 Bg4 12. h3 Bxf3 13. Qxf3 O-O 14. Bg5 Rfe8 15. Rad1 Rad8 16. Bxc6 bxc6 17. Bxf6 Bxf6 18. Na5 Rc8 19. b3 Qd5 20. Nc4 Qxf3 21. gxf3 Rcd8 22. Re4 Re6 23. Kg2 Rde8 24. Rde1 g6 25. Kg3 Bg7 26. R4e2 f5 27. Rd1 e4 28. fxe4 fxe4 29. f3 exf3 30. Rxe6 Rxe6 31. Kxf3 c5 32. Rd2 Bh6 33. Re2 Rxe2 34. Kxe2 Kf7 35. Ne5+ Ke6 36. Nc6 Bg5 37. Nxa7 Kd5 38. Nb5 Bd8 39. a4 g5 40. Kf3 h5 41. Na3 d3 42. cxd3 Kd4 43. Nc4 Kxd3 44. a5 Kc3 45. a6 Bb6 46. Nxb6 Kxb3 47. a7 c4 48. Nxc4 Kxc4 49. a8=Q g4+ 50. Kg3 h4+ 51. Kxh4 gxh3 52. Kxh3 1-0


[Site "https://www.chess.com"]

[Event "Titled Tuesday Blitz October 5 2021"]
[White "Fier, Alexandr"]
[Black "Goncalves, Ivan Mesquita V"]
[WhiteFideId "2107139"]
[BlackFideId "2114224"]
[WhiteElo "2569"]
[BlackElo "2299"]
[Result "0-1"]
[Round "08"]
[TimeControl "180+1"]
[Date "2021.10.05"]
[WhiteClock "0:00:27"]
[BlackClock "0:00:11"]

1. e4 c5 2. a3 g6 3. h4 h5 4. Bc4 Nc6 5. Nf3 Bg7 6. c3 Nf6 7. e5 Ng4 8. d4 cxd4 9. cxd4 O-O 10. Nc3 d6 11. e6 fxe6 12. O-O d5 13. Bd3 Qd6 14. g3 Nxd4 15. Ng5 Nf5 16. Bxf5 Rxf5 17. Nh3 Bd7 18. Bg5 Raf8 19. Qd2 Bc6 20. Rae1 Nxf2 21. Nf4 Nh3+ 22. Nxh3 Qxg3+ 23. Qg2 Rxf1+ 24. Rxf1 Rxf1+ 25. Kxf1 Qd3+ 26. Ne2 d4 27. Qg3 Qd1+ 28. Qe1 Bg2+ 29. Kf2 Qxe1+ 30. Kxe1 Bxh3 31. Nf4 Bf5 32. Bxe7 Kf7 33. Bd6 Bf6 34. Ne2 Bxh4+ 35. Kd2 Bf6 36. Bb8 a6 37. Ba7 e5 38. Bb8 h4 39. Ke1 h3 40. Ng3 Ke6 41. Kf2 Bh4 42. Kf3 Bxg3 43. Kxg3 d3 0-1


[Site "https://www.chess.com"]

[Event "Titled Tuesday Blitz October 5 2021"]
[White "Florescu, Codrut-Constantin"]
[Black "Starozhilov, Leonid"]
[WhiteFideId "1202200"]
[BlackFideId "14106752"]
[WhiteElo "2243"]
[BlackElo "2414"]
[Result "1-0"]
[Round "08"]
[TimeControl "180+1"]
[Date "2021.10.05"]
[WhiteClock "0:01:15"]
[BlackClock "0:00:27"]

1. d4 Nf6 2. c4 g6 3. Nc3 Bg7 4. e4 d6 5. f3 O-O 6. Bg5 Nc6 7. Nge2 e5 8. d5 Nd4 9. Nxd4 exd4 10. Nb5 h6 11. Bh4 g5 12. Bf2 c5 13. dxc6 bxc6 14. Nxd4 Bd7 15. Be2 Rb8 16. b3 Re8 17. O-O d5 18. exd5 cxd5 19. c5 Nh5 20. c6 Bc8 21. Rc1 Qd6 22. Nb5 Qe5 23. Re1 Ba6 24. Bf1 Qb2 25. c7 Ra8 26. Rxe8+ Rxe8 27. Nd6 Bxf1 28. Nxe8 Ba6 29. Nxg7 Nxg7 30. c8=Q+ Bxc8 31. Rxc8+ Kh7 32. Qc2+ 1-0


[Site "https://www.chess.com"]

[Event "Titled Tuesday Blitz October 5 2021"]
[White "Gabrielian, Artur"]
[Black "Paltrinieri, Nicholas"]
[WhiteFideId "4131002"]
[BlackFideId "828262"]
[WhiteElo "2489"]
[BlackElo "2254"]
[Result "1-0"]
[Round "08"]
[TimeControl "180+1"]
[Date "2021.10.05"]
[WhiteClock "0:00:48"]
[BlackClock "0:00:01"]

1. e4 e6 2. d3 d5 3. Qe2 Ne7 4. Nf3 c5 5. g3 Nbc6 6. Bg2 g6 7. O-O Bg7 8. Re1 a5 9. a4 b6 10. Na3 Ba6 11. Nb5 h6 12. c3 O-O 13. h4 Na7 14. Nxa7 Rxa7 15. e5 b5 16. axb5 Bxb5 17. c4 Bc6 18. Be3 Qb6 19. Qd2 Nf5 20. Bf4 a4 21. g4 Nd4 22. Nxd4 cxd4 23. cxd5 Bxd5 24. Bxd5 exd5 25. Bxh6 Bxh6 26. Qxh6 Qxb2 27. Rab1 Qc2 28. e6 fxe6 29. Qxg6+ Rg7 30. Qxe6+ Kh8 31. Rf1 Qxd3 32. Rb6 Qf3 33. Qh6+ Kg8 34. Rg6 Rf7 35. Rxg7+ Rxg7 36. Qe6+ Kh7 37. g5 d3 38. Rb1 Qh5 39. Qf5+ Qg6 40. Qxd5 Rf7 41. Rd1 a3 42. Rd2 1-0


[Site "https://www.chess.com"]

[Event "Titled Tuesday Blitz October 5 2021"]
[White "Gallo Garcia, Kemel Antonio"]
[Black "Suarez Uriel, Adrian"]
[WhiteFideId "3523896"]
[BlackFideId "22230874"]
[WhiteElo "2510"]
[BlackElo "2314"]
[Result "1-0"]
[Round "08"]
[TimeControl "180+1"]
[Date "2021.10.05"]
[WhiteClock "0:00:07"]
[BlackClock "0:00:35"]

1. e4 c5 2. Nf3 Nc6 3. Bb5 g6 4. O-O Bg7 5. c3 Nf6 6. Re1 O-O 7. d4 d5 8. e5 Ne4 9. Nbd2 Bf5 10. Bxc6 bxc6 11. Nh4 cxd4 12. cxd4 Be6 13. Nxe4 dxe4 14. Rxe4 Rb8 15. Re1 c5 16. Be3 Rxb2 17. dxc5 Bxe5 18. Qa4 Qc7 19. Nf3 Bf6 20. Bd4 Bxd4 21. Qxd4 Rfb8 22. h4 R2b4 23. Qe3 Rg4 24. h5 Bd5 25. Rad1 e6 26. h6 Qf4 27. Qc3 Qxh6 28. Rxd5 exd5 29. c6 Qf4 30. Ne5 Qd4 31. Qa5 Rf4 32. Nf3 Qb6 33. Qxd5 Rd8 34. Qe5 Rc4 35. Ng5 Rxc6 36. Qe7 Rf8 37. Nxh7 Re6 38. Qxf8+ Kxh7 39. Qxf7+ Kh6 40. Qxe6 1-0


[Site "https://www.chess.com"]

[Event "Titled Tuesday Blitz October 5 2021"]
[White "Garcia Garcia, Alejandro"]
[Black "Matamoros Franco, Carlos S."]
[WhiteFideId "3516334"]
[BlackFideId "3600017"]
[WhiteElo "2131"]
[BlackElo "2554"]
[Result "0-1"]
[Round "08"]
[TimeControl "180+1"]
[Date "2021.10.05"]
[WhiteClock "0:00:12"]
[BlackClock "0:00:16"]

1. Nf3 Nf6 2. g3 g6 3. Bg2 Bg7 4. O-O O-O 5. c4 d6 6. Nc3 e5 7. Rb1 a5 8. a3 Re8 9. b4 axb4 10. axb4 e4 11. Ng5 Bf5 12. d3 exd3 13. exd3 Nc6 14. b5 Ne5 15. Nge4 Nxe4 16. Nxe4 h6 17. Bb2 Nxc4 18. Bxg7 Kxg7 19. dxc4 Bxe4 20. Bxe4 Rxe4 21. Qd5 Re5 22. Qxb7 Rc5 23. Qe4 Ra4 24. Rbc1 Qf6 25. Rfd1 Rxb5 26. Qc6 Ra2 27. Rf1 Rf5 28. Qg2 Rf3 29. c5 d5 30. c6 Rd2 31. Rcd1 Rfd3 32. Rc1 d4 33. h4 Rc3 34. Rcd1 Rxd1 35. Rxd1 Rxc6 36. Qe4 Rd6 37. Rc1 d3 38. Rd1 Qd4 39. Qe7 c5 40. Rb1 Rf6 0-1


[Site "https://www.chess.com"]

[Event "Titled Tuesday Blitz October 5 2021"]
[White "Gimenez Aguirre, Alejo Ismael"]
[Black "Jary, Sergey"]
[WhiteFideId "32041667"]
[BlackFideId "14110350"]
[WhiteElo "2031"]
[BlackElo "2260"]
[Result "0-1"]
[Round "08"]
[TimeControl "180+1"]
[Date "2021.10.05"]
[WhiteClock "0:00:18"]
[BlackClock "0:00:05"]

1. e4 c5 2. Nf3 Nc6 3. Bb5 Qc7 4. O-O e6 5. Re1 a6 6. Bf1 d6 7. c3 Nf6 8. d4 Be7 9. h3 O-O 10. Bf4 Qb6 11. Qd2 Qa5 12. Bh2 b5 13. d5 Na7 14. dxe6 Bxe6 15. Bxd6 Rad8 16. e5 Bxd6 17. exd6 Qb6 18. Qg5 h6 19. Qh4 Qxd6 20. Nbd2 Nc6 21. a4 b4 22. Bxa6 bxc3 23. bxc3 Rfe8 24. Bb5 Bd7 25. Nc4 Qc7 26. Rad1 Be6 27. Nce5 Nxe5 28. Bxe8 Nxf3+ 29. gxf3 Rxe8 30. Ra1 Qc6 31. Kg2 Nd5 32. a5 Qc7 33. a6 Nf4+ 34. Kg1 Nxh3+ 35. Kh1 Ng5 36. Re3 Qc6 37. a7 Ra8 38. Kg2 Qb7 39. Qa4 Kh7 40. Qa6 Qd5 41. Qd3+ Qxd3 42. Rxd3 h5 43. f4 Ne4 44. f3 Nf6 45. Rd2 Nd5 46. Rb2 Nxf4+ 47. Kg3 Nd5 48. Rb8 Nc7 49. Rxa8 Nxa8 50. Rd1 Nc7 51. Rd6 g5 52. Rc6 h4+ 53. Kf2 Na8 54. Rxc5 h3 55. Rxg5 Kh6 56. Rb5 Nc7 57. Rb7 Na8 58. Rb8 Bd5 59. c4 h2 60. Kg2 Bxf3+ 61. Kxh2 Kg5 62. Kg3 Bc6 63. Rc8 Bb7 64. Rb8 Bc6 65. c5 Kf5 66. Rc8 Bb7 67. Rd8 Ke6 68. Kf2 Ke7 69. Rd2 Bc6 70. Ke3 f6 71. Kf4 Nc7 72. Kf5 Bd7+ 73. Kg6 Be8+ 74. Kh6 Bc6 75. Rh2 Nb5 76. Kg7 Nxa7 77. Rb2 Kd7 78. Kxf6 Kc7 79. Ke5 Nb5 80. Rh2 Na7 81. Rh7+ Bd7 82. Kd4 Nc6+ 83. Kc4 Nd8 84. Kd5 Nc6 85. Rh6 Nd8 86. Rd6 Nc6 87. Rh6 Nd8 88. Rh2 Nc6 89. Ra2 Ne7+ 90. Kd4 Nc6+ 91. Kd3 Nb4+ 92. Kc4 Nxa2 93. Kd5 Kc8 94. Kd6 Bh3 95. c6 Nb4 96. Kc5 Na6+ 97. Kb6 Nc7 98. Kc5 Bg2 99. Kd6 Nb5+ 100. Kc5 Nc7 101. Kd6 Bf3 102. Kc5 Kd8 103. Kd6 Bg2 104. Kc5 Ke7 105. Kb6 Kd6 106. Kb7 Bxc6+ 107. Kc8 Ne6 108. Kb8 Kc5 109. Kc8 Kb6 110. Kb8 Bd7 111. Ka8 Bc8 112. Kb8 Ba6 113. Ka8 Nc5 114. Kb8 Nd7+ 115. Ka8 Bb7# 0-1


[Site "https://www.chess.com"]

[Event "Titled Tuesday Blitz October 5 2021"]
[White "Golubev, Mikhail"]
[Black "Kadam, Om Manish"]
[WhiteFideId "14100983"]
[BlackFideId "45076294"]
[WhiteElo "2374"]
[BlackElo "1729"]
[Result "0-1"]
[Round "08"]
[TimeControl "180+1"]
[Date "2021.10.05"]
[WhiteClock "0:00:04"]
[BlackClock "0:01:13"]

1. e4 c6 2. d4 d5 3. e5 c5 4. dxc5 e6 5. Nf3 Bxc5 6. Bd3 Ne7 7. O-O Ng6 8. a3 Nd7 9. b4 Bb6 10. Re1 O-O 11. h4 Qc7 12. Qe2 Ngxe5 13. Bf4 Nxf3+ 14. Qxf3 e5 15. Bg3 Qc6 16. Nc3 e4 17. Nxe4 dxe4 18. Bxe4 Qf6 19. Qd3 g6 20. c4 Ne5 21. Bxe5 Qxf2+ 22. Kh1 Qxh4+ 23. Bh2 Bc7 24. g3 Qh5 25. Ra2 Be6 26. Bxb7 Rad8 27. Qf3 Bg4 28. Qf2 Rd3 29. Kg1 Bf3 30. Bxf3 Rxf3 31. Qg2 Qg4 32. Rae2 Bxg3 33. Re4 Bxh2+ 34. Kxh2 Qh5+ 35. Kg1 Rxa3 36. c5 Qf5 37. c6 Rc3 38. Rf1 Qc8 39. b5 a6 40. Re7 axb5 41. Qf2 Qg4+ 0-1


[Site "https://www.chess.com"]

[Event "Titled Tuesday Blitz October 5 2021"]
[White "Gombocz, Ferenc Jr."]
[Black "Demin, Vladimir"]
[WhiteFideId "775029"]
[BlackFideId "4167457"]
[WhiteElo "1913"]
[BlackElo "2519"]
[Result "0-1"]
[Round "08"]
[TimeControl "180+1"]
[Date "2021.10.05"]
[WhiteClock "0:00:01"]
[BlackClock "0:00:33"]

1. c4 Nf6 2. g3 e6 3. Bg2 d5 4. Nf3 Be7 5. O-O O-O 6. d4 b6 7. b3 Bb7 8. Bb2 dxc4 9. bxc4 c5 10. Nc3 Nbd7 11. d5 exd5 12. cxd5 Bd6 13. e4 Ne5 14. Nxe5 Bxe5 15. f4 Bd4+ 16. Kh1 Re8 17. Re1 Qd7 18. h3 b5 19. Rb1 a6 20. Qd3 Rad8 21. Ne2 Bxb2 22. Rxb2 Qe7 23. Rc2 c4 24. Qf3 Nxe4 25. Kh2 Nf6 26. d6 Bxf3 27. dxe7 Rd3 28. Bxf3 Rxf3 29. Nd4 Rd3 30. Nc6 Rd6 31. Na5 Re6 32. Rxe6 fxe6 33. Nc6 Nd5 34. Re2 Kf7 35. a4 Nxe7 36. Ne5+ Kg8 37. axb5 axb5 38. Rb2 Ng6 39. Rxb5 Nxe5 40. Rxe5 Rc8 41. Re2 c3 42. Rc2 Kf7 43. Kg2 e5 44. Kf3 Kf6 45. Ke4 exf4 46. Kxf4 Rc4+ 0-1


[Site "https://www.chess.com"]

[Event "Titled Tuesday Blitz October 5 2021"]
[White "Grunberg, Mihai-Lucian"]
[Black "Solon, Nathan"]
[WhiteFideId "1204149"]
[BlackFideId "2017229"]
[WhiteElo "2364"]
[BlackElo "2651"]
[Result "0-1"]
[Round "08"]
[TimeControl "180+1"]
[Date "2021.10.05"]
[WhiteClock "0:00:33"]
[BlackClock "0:00:51"]

1. Nf3 d5 2. c4 e6 3. g3 Nf6 4. Bg2 Be7 5. O-O O-O 6. d4 a5 7. Qc2 c6 8. b3 b6 9. Nbd2 Bb7 10. e4 Na6 11. e5 Nd7 12. h4 h6 13. Re1 Rc8 14. Nh2 c5 15. cxd5 Bxd5 16. Bxd5 Nb4 17. Qd1 Nxd5 18. Ne4 cxd4 19. Qxd4 Nc5 20. Bb2 Nb4 21. Nxc5 Bxc5 22. Qe4 Nd3 23. Re2 Nxf2 24. Qf3 Nd3+ 25. Kg2 Nxb2 26. Rxb2 Qc7 27. Re2 Rfd8 28. Rf1 Qc6 29. h5 Rd3 30. Qxc6 Rxc6 31. Nf3 Bb4 32. Rff2 Rcc3 33. Nd2 Rxg3+ 34. Kf1 Rc1+ 35. Re1 Rxe1+ 36. Kxe1 Rd3 0-1


[Site "https://www.chess.com"]

[Event "Titled Tuesday Blitz October 5 2021"]
[White "Gubajdullin, Alexei"]
[Black "Ozen, Bahadir"]
[WhiteFideId "4141202"]
[BlackFideId "6337058"]
[WhiteElo "2268"]
[BlackElo "2503"]
[Result "0-1"]
[Round "08"]
[TimeControl "180+1"]
[Date "2021.10.05"]
[WhiteClock "0:01:13"]
[BlackClock "0:01:41"]

1. d4 Nf6 2. Bf4 g6 3. e3 Bg7 4. Nf3 O-O 5. Be2 c5 6. O-O Qb6 7. Nc3 d6 8. a3 Nbd7 9. h3 a6 10. d5 Nh5 11. Bg5 Qxb2 12. Rb1 Qxc3 13. Bxe7 Re8 14. Bxd6 b5 15. Bc7 Bb7 16. Ng5 Qf6 17. f4 Ng3 18. Bg4 Nxf1 19. Bxd7 Nxe3 20. Qd2 Nxd5 21. Bxe8 Qd4+ 22. Qxd4 Bxd4+ 23. Kh1 Rxe8 24. Bd6 Re2 25. c4 Nc3 26. Rc1 Bxg2+ 27. Kh2 Bc6+ 0-1


[Site "https://www.chess.com"]

[Event "Titled Tuesday Blitz October 5 2021"]
[White "Horobetz, Graham"]
[Black "Salimova, Nurgyul"]
[WhiteFideId "2047322"]
[BlackFideId "2915138"]
[WhiteElo "2625"]
[BlackElo "2071"]
[Result "0-1"]
[Round "08"]
[TimeControl "180+1"]
[Date "2021.10.05"]
[WhiteClock "0:00:02"]
[BlackClock "0:00:18"]

1. e4 c5 2. Nf3 d6 3. d4 cxd4 4. Nxd4 Nf6 5. Nc3 a6 6. f3 e5 7. Nb3 Be6 8. Be3 Nbd7 9. Qd2 b5 10. g4 Nb6 11. g5 Nh5 12. Na5 Rc8 13. O-O-O Qc7 14. Kb1 Be7 15. Nd5 Nxd5 16. exd5 Bxd5 17. Qxd5 Qxa5 18. Bh3 Rc4 19. b3 Rh4 20. Qc6+ Kf8 21. Bb6 Qxb6 22. Qxb6 g6 23. Bg4 Nf4 24. Rxd6 Bxg5 25. Re1 Rxh2 26. Rxe5 Bh4 27. Rd4 Ne2 28. Rd3 Kg7 29. Re4 Bf6 30. Red4 h5 31. Bd7 Rd8 32. Qd6 Rh1+ 33. Kb2 Nxd4 34. Rxd4 b4 35. c3 bxc3+ 36. Kc2 Rh2+ 37. Kxc3 Rh4 38. f4 Rxd7 39. Qxd7 Rxf4 40. b4 h4 0-1


[Site "https://www.chess.com"]

[Event "Titled Tuesday Blitz October 5 2021"]
[White "Iljushina, Olga"]
[Black "Salinas Herrera, Pablo"]
[WhiteFideId "4152280"]
[BlackFideId "3407128"]
[WhiteElo "1937"]
[BlackElo "2541"]
[Result "0-1"]
[Round "08"]
[TimeControl "180+1"]
[Date "2021.10.05"]
[WhiteClock "0:00:07"]
[BlackClock "0:01:23"]

1. d4 Nf6 2. c4 d6 3. Nc3 g6 4. e4 Bg7 5. Be3 O-O 6. h3 c6 7. Qd2 a6 8. Bd3 b5 9. b3 Nbd7 10. Nf3 e5 11. d5 b4 12. Ne2 c5 13. g4 a5 14. O-O h5 15. g5 Nh7 16. h4 f5 17. exf5 Rxf5 18. Bxf5 gxf5 19. g6 Nhf8 20. Bg5 Qe8 21. Ng3 Qxg6 22. Nh2 f4 23. Ne2 Nh7 24. Nf3 Ndf6 25. Kh1 Ne4 26. Nxf4 exf4 27. Qxf4 Bg4 28. Rae1 Rf8 29. Rxe4 Bxf3+ 30. Kh2 Bxe4 31. Qe3 Rf3 32. Qe2 Be5+ 0-1


[Site "https://www.chess.com"]